 Dungeon Crawl Stone Soup version 0.25-a0-781-gc44aebf4fe (webtiles) character file.

Game seed: 13045114355420953450, levelgen mode: deterministic

53 Joeren the Changer (level 3, -4/31 HPs)
             Began as a Naga Transmuter on Apr 16, 2020.
             Slain by a gnoll (8 damage)
             ... on level 2 of the Dungeon.
             The game lasted 00:15:33 (2025 turns).

Joeren the Changer (Naga Transmuter)                Turns: 2025, Time: 00:15:52

Health: -4/31      AC:  2    Str: 12    XL:     3   Next: 87%
Magic:  0/6        EV: 10    Int: 13    God:
Gold:   64         SH:  0    Dex: 12    Spells: 1/7 levels left

rFire    . . .     SeeInvis +     - Unarmed
rCold    . . .     Gourm    .   (no shield)
rNeg     . . .     Faith    .   b - +0 robe
rPois    +         Spirit   .   (no helmet)
rElec    .         Reflect  .   (no cloak)
rCorr    .         Harm     .   (no gloves)
MR       .....                  (no barding)
Stlth    +.........             (no amulet)
HPRegen  0.10/turn              (no ring)
MPRegen  0.10/turn              (no ring)

@: very slow
A: large, see invisible, deformed body, poison resistance, slowness 2, slow
metabolism 1, spit poison 1, AC +1
a: Spit Poison


You were on level 2 of the Dungeon.
You were not hungry.

You visited 1 branch of the dungeon, and saw 3 of its levels.

You collected 64 gold pieces.

Inventory:

Hand Weapons
 e - a +0 hunting sling
 h - a +0 club
 n - a cursed -3 club
 o - a cursed +0 club
Missiles
 a - 33 arrows
 k - 7 stones (quivered)
Armour
 b - a +0 robe (worn)
Jewellery
 g - a cursed -3 ring of evasion {unknown}
Scrolls
 c - 2 scrolls of identify {unknown}
 f - 2 scrolls of remove curse {unknown}
 j - 2 scrolls of magic mapping {unknown}
 l - 2 scrolls of enchant weapon {unknown}
 m - a scroll of enchant armour {unknown}
Comestibles
 d - 4 rations
 p - 3 chunks of flesh


   Skills:
 - Level 1.0 Fighting
 - Level 2.0 Dodging
 - Level 3.0 Unarmed Combat
 + Level 2.5 Spellcasting
 * Level 3.3 Transmutations


You had one spell level left.
You knew the following spells:

 Your Spells              Type           Power        Failure   Level  Hunger
a - Beastly Appendage     Tmut           ##....       6%          1    #......
s - Spider Form           Tmut/Pois      #.........   36%         3    ###....
z - Sticks to Snakes      Tmut           ##......     10%         2    ###....

Your spell library contained the following spells:

 Spells                   Type           Power        Failure   Level  Hunger
 Ice Form                 Ice/Tmut       #.......     77%         4    #####..
 Blade Hands              Tmut           ##........   86%         5    ######.


Dungeon Overview and Level Annotations

Branches:
Dungeon (3/15)

Altars:


Innate Abilities, Weirdness & Mutations

You cannot wear boots.
Your serpentine skin is tough. (AC +1)
You have supernaturally acute eyesight. (SInv)
Armour fits poorly on your strangely shaped body.
Your system is resistant to poisons. (rPois)
You cover ground very slowly.
You have a slow metabolism.
You can spit poison.


Message History

Your ball python bites the gnoll.
Your ball python grabs the gnoll.
Your ball python constricts the gnoll.
The gnoll struggles to escape constriction.
Your adder bites the gnoll.
The gnoll is poisoned.
Your adder poisons the gnoll!
Your adder completely misses the gnoll.
Your ball python bites the gnoll but does no damage.
Your ball python constricts the gnoll.
The gnoll hits your ball python with a +0 flail!
Your ball python dies!
Your adder bites the gnoll.
Your adder barely misses the gnoll.
Found a scroll labeled DENUEN SABBE.
Okay, then.
You aren't carrying any potions.
As you read the scroll labeled GOYMUO JONOPN, it crumbles to dust.
You assume a fearsome visage.
The gnoll resists with some effort.
The gnoll looks frightened!
It was a scroll of fear.
Your adder bites the gnoll.
The gnoll dies!
The gnoll hits you!
You die...

#?.... ### #.......
.......#.......
...?...#.... .. .
.$.........# .## ..
...........# ..### ...
...........####...#....
..........@##.÷)......#
K.........g#..>......#
.....................#
.......#.SS..†.....###
.#######)....#####..#
#.........# ...#
#..#.......# ...#
#.##....#..# ...
.........#.!# ..#


You could see a gnoll and 2 friendly adders.

Vanquished Creatures
  An adder (D:2)
  2 worms
  A dart slug (D:2)
  A leopard gecko (D:1)
  A giant cockroach (D:1)
  2 goblins (D:1)
  3 hobgoblins (D:1)
  A quokka (D:2)
  A ball python (D:2)
  5 bats
  4 frilled lizards (D:1)
  4 kobolds
  2 rats
28 creatures vanquished.

Vanquished Creatures (collateral kills)
  2 gnolls (D:2)
2 creatures vanquished.

Grand Total: 30 creatures vanquished

Notes
Turn   | Place    | Note
-------+----------+-------------------------------------------
     0 | D:1      | Joeren the Naga Transmuter began the quest for the Orb.
     0 | D:1      | Reached XP level 1. HP: 18/18 MP: 3/3
   206 | D:1      | Reached XP level 2. HP: 10/25 MP: 5/5
   863 | D:1      | Reached XP level 3. HP: 19/31 MP: 4/6
  1553 | D:1      | Learned a level 2 spell: Sticks to Snakes
  1557 | D:1      | Learned a level 3 spell: Spider Form
  2025 | D:2      | Slain by a gnoll

Levels and vault maps discovered:
D:1:      minmay_arrival_jagged, layout_rooms, dk_noncrumbling_3,
          minmay_pentomino_x4
D:2:      layout_rooms, overflow_temple_1_default, minitemple, uniq_terence
D:3:      layout_loops_cross, first_ration, gammafunk_ghost_icy, uniq_purgy

Skill      XL: |  1  2  3 |
---------------+----------+-----
Dodging        | 2 |  2.0
Transmutations | 3 |  3.3
Fighting       | |  1.0
Unarmed Combat | |  3.0
Spellcasting   | |  2.5

Action                   || total
-------------------------++-------
Melee: Unarmed           ||   119
       Headbutt          ||    10
       Punch             ||     1
 Cast: Beastly Appendage ||    22
       Sticks to Snakes  ||     3
 Abil: Spit Poison       ||     1
  Use: Potion            ||     2
       Scroll            ||     1
  Eat: Ration            ||     1
Armor: Robe              ||    50
Dodge: Dodged            ||   125

Table legend:
 A = Non-vault XP
 B = Vault XP
 C = Vault XP percentage of total XP
 D = Non-vault monster count
 E = Vault monster count
 F = Vault count percentage of total count
                 A         B        C        D         E       F
            +---------+---------+-------+---------+---------+-------
      Total |      71 |       5 |   6.6 |      26 |       4 |  13.3
            +---------+---------+-------+---------+---------+-------
        D:1 |      28 |       5 |  15.2 |      16 |       4 |  20.0
        D:2 |      43 |       0 |   0.0 |      10 |       0 |   0.0
            +---------+---------+-------+---------+---------+-------
